 Dungeon Crawl Stone Soup version 0.29.0-4-gdea44cf6ec (webtiles) character file.

Game seed: 7265755119622805143

65 qw the Chopper (level 4, 0/26 HPs)
             Began as a Tengu Warper on Aug 28, 2022.
             Succumbed to a kobold's poison
             ... on level 2 of the Dungeon.
             The game lasted 00:00:12 (2586 turns).

qw the Chopper (Tengu Warper)                       Turns: 2586, Time: 00:00:13

Health: 0/26       AC:  5    Str: 14    XL:     4   Next: 14%
Magic:  8/8        EV: 11    Int: 13    God:
Gold:   65         SH:  0    Dex: 13    Spells: 7/7 levels left

rFire   . . .      SeeInvis .   Y - +0 hand axe
rCold   . . .      Faith    .   (no shield)
rNeg    . . .      Spirit   .   g - +0 ring mail
rPois   .          Reflect  .   (helmet restricted)
rElec   .          Harm     .   (no cloak)
rCorr   .          Rampage  .   (no gloves)
Will    .....                   (boots unavailable)
Stlth   +.........              (no amulet)
HPRegen 0.08/turn               (no ring)
MPRegen 0.11/turn               (no ring)

@: lethally poisoned (0 -> -8)
A: beak, talons 3
a: no special abilities


You were on level 2 of the Dungeon.
You visited 1 branch of the dungeon, and saw 2 of its levels.

You collected 65 gold pieces.


Innate Abilities, Weirdness & Mutations

You have a beak for a mouth.
You have claws for feet.


   Skills:
 - Level 2.0 Fighting
 + Level 4.7 Axes
 - Level 1.0 Throwing
 - Level 1.1 Armour
 - Level 2.1 Dodging
 - Level 2.0 Spellcasting
 - Level 2.4 Translocations


You had 7 spell levels left.
You didn't know any spells.
Your spell library contained the following spells:

 Spells                   Type           Power      Damage    Failure   Level
 Blink                    Tloc           14%        N/A       30%         2
 Gell's Gravitas          Tloc           7%         N/A       52%         3
 Lesser Beckoning         Tloc           7%         N/A       52%         3
 Teleport Other           Tloc           7%         N/A       52%         3
 Manifold Assault         Tloc           7%         N/A       99%         5

Inventory:

Hand Weapons
 c - a +1 whip of flaming
 Y - a +0 hand axe (weapon)
Armour
 f - a +0 scale mail
 g - a +0 ring mail (worn)
Scrolls
 d - a scroll of teleportation
Potions
 a - a potion of flight {unknown}
 b - a potion of brilliance {unknown}
 e - a potion of heal wounds {unknown}
 i - a potion of attraction {unknown}

Dungeon Overview and Level Annotations

Branches:
Dungeon (2/15)

Altars:


Message History

The kobold throws a poisoned dart.
The poisoned dart misses you.
2567 ||| FLEEEEING.
You feel sick.
2568 ||| FLEEEEING.
You feel sick.
The kobold throws a poisoned dart.
The poisoned dart barely misses you.
2569 ||| FLEEEEING.
You feel sick.
2570 ||| FLEEEEING.
You feel sick.
2571 ||| FLEEEEING.
You feel sick.
You feel sick.
2573 ||| FLEEEEING.
You feel sick.
2574 ||| FLEEEEING.
You feel sick.
You are no longer poisoned.
2575 ||| FLEEEEING.
2576 ||| FLEEEEING.
2577 ||| FLEEEEING.
2578 ||| FLEEEEING.
2579 ||| FLEEEEING.
The kobold throws a poisoned dart.
The poisoned dart hits you!
You are poisoned.
2580 ||| FLEEEEING.
You feel very sick.
2581 ||| FLEEEEING.
You feel sick.
2582 ||| FLEEEEING.
You feel sick.
2583 ||| FLEEEEING.
You feel sick.
The kobold throws a poisoned dart.
The poisoned dart hits you!
You are lethally poisoned!
2584 ||| FLEEEEING.
You feel very sick.
2585 ||| FLEEEEING.
You feel sick.
2586 ||| FLEEEEING.
You die...

#####.###........%###.....# #.#
..............#..#.#.###### #.#
.###..#########..##.## ####.# .#
#..# #..#### #..... .# #..# #..#
#.##.# .###..# #..# #.##.#
.##...# #..# #.##.# ....#.#
#..### #.##.# ###.<.#
##.@#.#########.##.# ###.#
#.....^..K.........#
#####.########.(.................
.................################
########.######..# #.........#
###############.## .>.......# #.#
########.# #.#


You could see a kobold.

Vanquished Creatures
  2 adders (D:2)
  2 dart slugs
  4 ball pythons
  5 bats
  2 endoplasms
  A giant cockroach (D:2)
  3 goblins
  5 hobgoblins
  3 jackals (D:2)
  5 quokkas
  3 frilled lizards (D:1)
  A kobold (D:2)
  A rat (D:2)
37 creatures vanquished.

Notes
Turn   | Place    | Note
-------+----------+-------------------------------------------
     0 | D:1      | qw the Tengu Warper began the quest for the Orb.
     0 | D:1      | Reached XP level 1. HP: 12/12 MP: 4/4
     0 | D:1      | 0 ||| qw: Version: 0.1-a-89-g26bdef1
     0 | D:1      | 0 ||| qw: Game counter: 1742
     0 | D:1      | 0 ||| qw: Always use a shield: true
     0 | D:1      | 0 ||| qw: God list: Okawaru
     0 | D:1      | 0 ||| qw: Allow faded altars: false
     0 | D:1      | 0 ||| qw: Do Orc after D:15 true
     0 | D:1      | 0 ||| qw: Do second Lair branch before Depths: true
     0 | D:1      | 0 ||| qw: Lair rune preference: random
     0 | D:1      | 0 ||| qw: Plans: Normal
     0 | D:1      | 0 ||| PLANNING D:1-11
   279 | D:1      | 279 ||| Stepping ~*~*~tactically~*~*~ (stealth).
   284 | D:1      | Reached skill level 3 in Axes
   284 | D:1      | Reached XP level 2. HP: 17/17 MP: 6/6
   492 | D:1      | 492 ||| Stepping ~*~*~tactically~*~*~ (hiding).
  1339 | D:1      | Reached XP level 3. HP: 14/21 MP: 7/7
  1562 | D:1      | 1562 ||| UPGRADING to +0 ring mail.
  1572 | D:1      | 1572 ||| DROPPING +0 leather armour.
  1573 | D:1      | 1573 ||| READING scroll labelled QISI YBUUFI.
  1574 | D:1      | 1574 ||| READING scroll labelled YGGIUR COADE.
  1577 | D:1      | 1577 ||| DROPPING scroll of blinking.
  1669 | D:2      | Reached skill level 4 in Axes
  1779 | D:2      | HP: 5/21 [poisoned by an adder]
  1781 | D:2      | HP: 2/21 [poisoned by an adder]
  1907 | D:2      | 1907 ||| FLEEEEING.
  1908 | D:2      | 1908 ||| FLEEEEING.
  1909 | D:2      | 1909 ||| FLEEEEING.
  1910 | D:2      | 1910 ||| FLEEEEING.
  1911 | D:2      | 1911 ||| FLEEEEING.
  1912 | D:2      | 1912 ||| FLEEEEING.
  1913 | D:2      | 1913 ||| FLEEEEING.
  1914 | D:2      | 1914 ||| FLEEEEING.
  1915 | D:2      | 1915 ||| FLEEEEING.
  1916 | D:2      | 1916 ||| FLEEEEING.
  1917 | D:2      | 1917 ||| FLEEEEING.
  1918 | D:2      | 1918 ||| FLEEEEING.
  1919 | D:2      | 1919 ||| FLEEEEING.
  1921 | D:2      | 1921 ||| FLEEEEING.
  1922 | D:2      | 1922 ||| FLEEEEING.
  1923 | D:2      | 1923 ||| FLEEEEING.
  1928 | D:2      | 1928 ||| FLEEEEING.
  1929 | D:2      | 1929 ||| FLEEEEING.
  1930 | D:2      | 1930 ||| FLEEEEING.
  1934 | D:2      | 1934 ||| FLEEEEING.
  1938 | D:2      | 1938 ||| FLEEEEING.
  1939 | D:2      | 1939 ||| FLEEEEING.
  1940 | D:2      | 1940 ||| FLEEEEING.
  1941 | D:2      | 1941 ||| FLEEEEING.
  1942 | D:2      | 1942 ||| FLEEEEING.
  1943 | D:2      | 1943 ||| FLEEEEING.
  1944 | D:2      | 1944 ||| FLEEEEING.
  1948 | D:2      | 1948 ||| STAIRDANCE
  2150 | D:2      | 2150 ||| Stepping ~*~*~tactically~*~*~ (stealth).
  2232 | D:2      | 2232 ||| DROPPING +3 whip.
  2261 | D:2      | Reached XP level 4. HP: 26/26 MP: 8/8
  2282 | D:2      | 2282 ||| Stepping ~*~*~tactically~*~*~ (stealth).
  2567 | D:2      | 2567 ||| FLEEEEING.
  2568 | D:2      | 2568 ||| FLEEEEING.
  2569 | D:2      | 2569 ||| FLEEEEING.
  2570 | D:2      | 2570 ||| FLEEEEING.
  2571 | D:2      | 2571 ||| FLEEEEING.
  2573 | D:2      | 2573 ||| FLEEEEING.
  2574 | D:2      | 2574 ||| FLEEEEING.
  2575 | D:2      | 2575 ||| FLEEEEING.
  2576 | D:2      | 2576 ||| FLEEEEING.
  2577 | D:2      | 2577 ||| FLEEEEING.
  2578 | D:2      | 2578 ||| FLEEEEING.
  2579 | D:2      | 2579 ||| FLEEEEING.
  2580 | D:2      | 2580 ||| FLEEEEING.
  2581 | D:2      | 2581 ||| FLEEEEING.
  2582 | D:2      | 2582 ||| FLEEEEING.
  2583 | D:2      | 2583 ||| FLEEEEING.
  2584 | D:2      | 2584 ||| FLEEEEING.
  2584 | D:2      | HP: 4/26 [poisoned by a kobold]
  2585 | D:2      | 2585 ||| FLEEEEING.
  2586 | D:2      | 2586 ||| FLEEEEING.
  2586 | D:2      | Succumbed to a kobold's poison

Levels and vault maps discovered:
D:1:      roderic_crop_circles_arrival_small, layout_basic,
          nicolae_figureground_sparkle
D:2:      layout_loops_ring

Skill      XL: |  1  2  3 |
---------------+----------+-----
Axes           | 3 4 |  4.7
Fighting       | |  2.0
Throwing       | |  1.0
Armour         | |  1.1
Dodging        | |  2.1
Spellcasting   | |  2.0
Translocations | |  2.4

Action                   |  1- 3 |  4- 6 || total
-------------------------+-------+-------++-------
Melee: Hand axe          |    85 |     9 ||    94
       Kick              |    17 |     3 ||    20
       Peck              |     9 |     2 ||    11
Throw: Boomerang         |     7 |       ||     7
  Use: Scroll            |     2 |       ||     2
Armor: Leather armour    |     8 |       ||     8
       Ring mail         |    10 |     1 ||    11
Dodge: Dodged            |    41 |     4 ||    45

Table legend:
 A = Non-vault XP
 B = Vault XP
 C = Vault XP percentage of total XP
 D = Non-vault monster count
 E = Vault monster count
 F = Vault count percentage of total count
                 A         B        C        D         E       F
            +---------+---------+-------+---------+---------+-------
      Total |      94 |       0 |   0.0 |      37 |       0 |   0.0
            +---------+---------+-------+---------+---------+-------
        D:1 |      34 |       0 |   0.0 |      18 |       0 |   0.0
        D:2 |      60 |       0 |   0.0 |      19 |       0 |   0.0
            +---------+---------+-------+---------+---------+-------
